 Dungeon Crawl Stone Soup version 0.28.0-1-gb440e238dd (webtiles) character file.

Game seed: 17960495870995903355

24421 zeram the Basher (level 13, -16/81 HPs)
             Began as a Gargoyle Fighter on Feb 26, 2022.
             Was an Initiate of Yredelemnul.
             Killed from afar by Azrael (22 damage)
             ... with a fireball
             ... on level 1 of the Orcish Mines.
             The game lasted 00:31:30 (13115 turns).

zeram the Basher (Gargoyle Fighter)                Turns: 13115, Time: 00:31:39

Health: -16/81     AC: 35    Str: 30    XL:     13   Next: 13%
Magic:  17/17      EV:  8    Int: 10    God:    Yredelemnul [......]
Gold:   892        SH: 10    Dex:  9    Spells: 12/12 levels left

rFire   . . .      SeeInvis +   N - +7 whip of Kealem {freeze, rPois rC+ SInv}
rCold   + . .      Faith    .   z - +0 kite shield
rNeg    + . .      Spirit   .   F - +3 plate armour
rPois   ∞          Reflect  .   (no helmet)
rElec   +          Harm     .   u - +0 cloak
rCorr   .          Rampage  .   q - +1 pair of gloves
Will    .....                   (no boots)
Stlth   ..........              r - amulet of the acrobat
HPRegen 0.23/turn               n - +6 ring of strength
MPRegen 0.15/turn               x - +4 ring of protection

@: unable to read
A: sickness immunity, AC +9, negative energy resistance 1, electricity
resistance, torment resistance 1, petrification resistance, inability to read
while threatened
a: Renounce Religion, Recall Undead Harvest


You were on level 1 of the Orcish Mines.
You worshipped Yredelemnul.
Yredelemnul was noncommittal.
You visited 3 branches of the dungeon, and saw 14 of its levels.
You also visited: Sewer.

You collected 1012 gold pieces.
You spent 120 gold pieces at shops.

Inventory:

Hand Weapons
 a - a +1 vorpal flail
 t - the +4 mace of Indomitability {vorpal, rElec Str+4}
   (You found it on level 3 of the Dungeon)

   It inflicts extra damage upon your enemies.
   Str:       It affects your strength (+4).
   rElec:     It insulates you from electricity.
 N - the +7 whip of Kealem (weapon) {freeze, rPois rC+ SInv}
   (You found it on level 11 of the Dungeon)

   It freezes those it strikes, dealing additional cold damage.
   It can also slow down cold-blooded creatures.
   rC:        It protects you from cold.
   rPois:     It protects you from poison.
   SInv:      It lets you see invisible.
Missiles
 h - 32 poisoned darts (quivered)
Armour
 b - a +0 scale mail
 c - a +0 buckler
 p - the +0 scale mail "Zaxzoujix" {Contam Regen+ Dex+6 SInv}
   (You found it on level 2 of the Dungeon)

   Dex:       It affects your dexterity (+6).
   SInv:      It lets you see invisible.
   Contam:    It causes magical contamination when unequipped.
   Regen:     It increases your rate of health regeneration.
 q - a +1 pair of gloves (worn)
 s - a +1 plate armour
 u - a +0 cloak (worn)
 z - a +0 kite shield (worn)
 F - a +3 plate armour (worn)
Jewellery
 n - a +6 ring of strength (left hand)
 r - an amulet of the acrobat (around neck)
 x - a +4 ring of protection (right hand)
 y - an amulet of regeneration
Wands
 d - a wand of polymorph (4)
 v - a wand of flame (16)
 D - a wand of iceblast (18)
 H - a wand of acid (12)
 I - a wand of paralysis (2)
 M - a wand of mindburst (11)
Scrolls
 e - a scroll of summoning
 i - 3 scrolls of magic mapping
 k - a scroll of torment
 B - 2 scrolls of fear
 C - a scroll of enchant weapon
 E - a scroll of teleportation
 G - a scroll of brand weapon
 L - 2 scrolls of identify
Potions
 f - 2 potions of attraction
 g - a potion of cancellation
 j - a potion of mutation
 l - 3 potions of flight
 m - a potion of degeneration
 o - 3 potions of brilliance
 J - a potion of magic


   Skills:
 + Level 9.7 Fighting
 + Level 13.5 Maces & Flails
 - Level 0.1 Throwing
 + Level 10.3 Armour
 + Level 5.9 Dodging
 - Level 4.7 Stealth
 + Level 8.9 Shields
 * Level 5.4 Invocations
 + Level 1.6 Evocations


You had 12 spell levels left.
You didn't know any spells.
Your spell library contained the following spells:

 Spells                   Type           Power      Damage    Failure   Level
 Animate Skeleton         Necr           0%         N/A       99%         1
 Apportation              Tloc           0%         N/A       99%         1
 Summon Small Mammal      Summ           0%         N/A       99%         1
 Tukima's Dance           Hex            0%         N/A       100%        3
 Passage of Golubria      Tloc           0%         N/A       100%        4
 Yara's Violent Unravell  Hex/Tmut       0%         3d3       100%        5


Dungeon Overview and Level Annotations

Branches:
Dungeon (11/15)            Temple (1/1) D:5            Lair (0/6) D:11
    Orc (2/2) D:10            Elf (0/3) Orc:2         Sewer (visited)

Altars:
Ashenzari
Cheibriados
Dithmenos
Elyvilon
Fedhas
Gozag
Hepliaklqana
Kikubaaqudgha
Makhleb
Nemelex Xobeh
Okawaru
Qazlal
Ru
Sif Muna
Trog
Uskayaw
Vehumet
Wu Jian
Xom
Yredelemnul
Zin
The Shining One

Shops:
D:8 *   D:9 *   Orc:1 (

Annotations:
Orc:1 Azrael


Innate Abilities, Weirdness & Mutations

You are immune to sickness and miasma.
Your stone body is resilient. (AC +9)
You are immune to poison.
You resist negative energy. (rN+)
You are resistant to electric shocks. (rElec)
You are resistant to unholy torment.
You are immune to petrification.
You sometimes lose the ability to read scrolls when taking damage.


Message History

You cannot read scrolls in your current state!
You feel better.
The hell hound bites you but does no damage.
You can read scrolls again.
The hell hound bites you but does no damage.
Blink to where?
Press: ? - help, Dir - move target
As you read the scroll of blinking, it crumbles to dust.
Azrael gestures at you. The bolt of fire hits you!!
You feel threatened and lose the ability to read scrolls!
* * * LOW HITPOINT WARNING * * *
The hell hound breathes flames at you. The blast of flame misses you.
You feel better.
Aiming: Iceblast
Press: ? - help, Shift-Dir - straight line, f - hell hound
Aim: a hell hound (heavily wounded)
The mass of ice explodes!
The iceblast engulfs the hell hound!
The hell hound is frozen!
The hell hound is almost dead.
The hell hound breathes flames at you. The blast of flame hits you.
* * * LOW HITPOINT WARNING * * *
Azrael blows smoke rings.
Aiming: Iceblast
Press: ? - help, Shift-Dir - straight line, f/p - hell hound
Aim: a hell hound (almost dead, catching its breath)
The mass of ice explodes!
The iceblast engulfs the hell hound!
The hell hound is frozen!
You kill the hell hound!
The iceblast engulfs Azrael!!
Azrael is frozen!
Azrael is moderately wounded.
A black mist starts to gather...
Azrael gestures at you.
The fireball explodes!
The fireball engulfs your hell hound zombie!!
The fireball engulfs you!!
You die...
Your body rises from the dead as a mindless zombie.

.......).......Z.#.##
.....°R..[.......###
.##.o○...)....#...#
####.#☼...)......##
##....°.........#
#....o.☼.....#.##
##.##..#..○....## #
###....#..○R...#
####........o..Z@##
..##........#.#...#
.Z.Z.......#...#.##
Z.#............###
..#...........##
.###.#....#.###
#######.#####
#.##.#...# ###
Z.ZZ..#.## ### ##.##


You could see Azrael (ally target), an orc warrior and a friendly hell hound
zombie.

Vanquished Creatures
  A boulder beetle (D:11)
  A hydra (D:11)
  Erica (D:8)
  A centaur warrior (D:11)
  4 two-headed ogres
  An orc high priest (D:10)
  An orc sorcerer (D:10)
  A deep elf pyromancer (D:10)
  A manticore (D:10)
  3 cyclopes
  2 unseen horrors (D:11)
  A komodo dragon (D:11)
  5 trolls
  2 vampires
  12 yaks
  A wraith (D:10)
  2 wyverns
  2 fire elementals (Orc:1)
  8 wargs (D:10)
  2 hell hounds (Orc:1)
  Duvessa (D:6)
  An ice beast (D:7)
  11 orc warriors
  2 sky beasts (D:7)
  13 ogres
  A black bear (D:7)
  4 centaurs
  2 phantoms
  7 kobold brigands (D:10)
  3 bullfrogs
  7 gnoll sergeants (D:10)
  2 scorpions
  Dowan (D:6)
  The ghost of cbfl8 the Sneak, a weakling MiDe (D:5)
  15 killer bees
  2 howler monkeys
  2 electric eels (D:7)
  A bullfrog zombie (D:6)
  2 centaur zombies
  10 orc priests
  3 bullfrog skeletons
  2 hounds
  A jelly (Sewer)
  Crazy Yiuf (D:3)
  A gnoll shaman (D:10)
  3 iguanas
  15 orc wizards
  A hound zombie (D:5)
  A hound skeleton (D:3)
  A howler monkey zombie (D:10)
  A howler monkey skeleton (D:7)
  8 adders
  4 gnolls
  A river rat (Sewer)
  3 white imps
  3 ufetubi
  An adder skeleton (D:4)
  3 worms
  3 dart slugs
  32 orcs
  5 bats
  24 endoplasms
  8 giant cockroaches
  7 goblins
  5 hobgoblins
  4 jackals (D:3)
  5 quokkas
  10 ball pythons
  6 frilled lizards
  7 kobolds
  7 rats
316 creatures vanquished.

Vanquished Creatures (collateral kills)
  3 two-headed ogres (D:10)
  A kobold demonologist (D:10)
  2 trolls (D:10)
  4 yaks
  A vampire (D:8)
  A wraith (D:10)
  3 wargs (D:10)
  4 orc warriors
  3 kobold brigands (D:10)
  2 gnoll sergeants (D:10)
  3 howler monkeys
  An electric eel (D:7)
  A centaur zombie (D:6)
  A jelly (Sewer)
  5 orc priests
  4 orc wizards
  A howler monkey zombie (D:9)
  7 orcs
47 creatures vanquished.

Vanquished Creatures (others)
  An unseen horror (D:11)
  4 two-headed ogre zombies
  A wyvern zombie (D:11)
  A cyclops zombie (D:10)
  A troll zombie (D:10)
  A yak zombie (D:10)
  5 warg zombies (D:10)
  A spectral ice beast (D:7)
  A centaur zombie (D:10)
  4 kobold zombies (D:10)
  An orc wizard (D:10)
  2 killer bee zombies (D:8)
  An ogre zombie (D:10)
  A hound zombie (D:5)
  4 howler monkey zombies
  An electric eel zombie (D:7)
  20 orc zombies
  A spectral white imp (D:7)
  An adder zombie (D:5)
  6 gnoll zombies
  A spectral ufetubus (D:7)
  33 plants
92 creatures vanquished.

Grand Total: 455 creatures vanquished

Notes
Turn   | Place    | Note
-------+----------+-------------------------------------------
     0 | D:1      | zeram the Gargoyle Fighter began the quest for the Orb.
     0 | D:1      | Reached XP level 1. HP: 14/14 MP: 1/1
   241 | D:1      | Reached XP level 2. HP: 13/19 MP: 2/2
   735 | D:1      | Reached XP level 3. HP: 18/23 MP: 3/3
  1419 | D:2      | Reached skill level 3 in Maces & Flails
  1797 | D:2      | Reached XP level 4. HP: 29/29 MP: 4/4
  2698 | D:2      | Identified the +0 scale mail "Zaxzoujix" {Contam Regen+
                  | Dex+6 SInv}
  2806 | D:3      | Found a glowing drain.
  2830 | Sewer    | Entered a sewer
  2887 | Sewer    | Reached XP level 5. HP: 33/33 MP: 5/5
  3030 | Sewer    | Found a shimmering altar of Xom.
  3046 | Sewer    | Reached skill level 4 in Maces & Flails
  3551 | D:3      | Reached skill level 1 in Dodging
  3551 | D:3      | Reached XP level 6. HP: 34/39 MP: 6/6
  3650 | D:3      | Found a runed translucent door.
  3651 | D:3      | Noticed Crazy Yiuf
  3755 | D:3      | Killed Crazy Yiuf
  3757 | D:3      | Identified the +4 mace of Indomitability {vorpal, rElec
                  | Str+4}
  4307 | D:4      | Reached XP level 7. HP: 44/44 MP: 7/7
  4473 | D:4      | Reached skill level 5 in Maces & Flails
  4965 | D:5      | Entered Level 5 of the Dungeon
  4967 | D:5      | Found a staircase to the Ecumenical Temple.
  4982 | D:5      | Found a runed translucent gate.
  4982 | D:5      | Found a runed translucent gate.
  4983 | D:5      | Found a runed translucent gate.
  4983 | D:5      | Noticed a vampire
  4984 | D:5      | Noticed cbfl8's ghost (weakling MiDe)
  5104 | Temple   | Entered the Ecumenical Temple
  5216 | Temple   | Became a worshipper of Yredelemnul the Dark
  5418 | D:5      | Reached skill level 1 in Stealth
  5646 | D:5      | Killed cbfl8's ghost
  5647 | D:5      | Reached skill level 5 in Fighting
  5647 | D:5      | Reached skill level 6 in Maces & Flails
  5647 | D:5      | Reached skill level 5 in Armour
  5652 | D:5      | Killed a vampire
  5653 | D:5      | Reached XP level 8. HP: 22/49 MP: 8/8
  5911 | D:6      | Noticed Dowan
  5912 | D:6      | Noticed Duvessa
  5918 | D:6      | Killed Dowan
  5918 | D:6      | Reached * piety under Yredelemnul
  5926 | D:6      | Killed Duvessa
  6039 | D:6      | Reached ** piety under Yredelemnul
  6040 | D:6      | Reached skill level 7 in Maces & Flails
  6115 | D:6      | Reached skill level 5 in Shields
  6485 | D:6      | Found a large runed translucent door.
  6486 | D:6      | Found a large runed translucent door.
  6508 | D:6      | Reached XP level 9. HP: 54/54 MP: 9/9
  6876 | D:6      | Found an ornate altar of the Wu Jian Council.
  6886 | D:6      | Found an iron altar of Okawaru.
  7209 | D:7      | Reached skill level 8 in Maces & Flails
  8005 | D:8      | Noticed Erica
  8011 | D:8      | Killed Erica
  8012 | D:8      | Reached skill level 9 in Maces & Flails
  8012 | D:8      | Reached XP level 10. HP: 28/60 MP: 10/10
  8183 | D:8      | Noticed a cyclops
  8192 | D:8      | Killed a cyclops
  8192 | D:8      | Reached *** piety under Yredelemnul
  8375 | D:8      | Found Nuvo's Assorted Antiques.
  8378 | D:8      | Bought a potion of heal wounds for 120 gold pieces
  8663 | D:9      | Found a radiant altar of Vehumet.
  8786 | D:9      | Found an opulent altar of Gozag.
  8788 | D:9      | Found Gozag's Platinum Reserve.
  8851 | D:9      | Reached skill level 10 in Maces & Flails
  8864 | D:9      | Reached **** piety under Yredelemnul
  9021 | D:9      | Reached ***** piety under Yredelemnul
  9192 | D:9      | Reached ****** piety under Yredelemnul
  9382 | D:10     | Entered Level 10 of the Dungeon
  9473 | D:10     | Reached XP level 11. HP: 63/67 MP: 11/11
  9500 | D:10     | Noticed a cyclops
  9505 | D:10     | Reached skill level 11 in Maces & Flails
  9505 | D:10     | Noticed a two-headed ogre
  9525 | D:10     | Noticed a two-headed ogre
  9533 | D:10     | Killed a two-headed ogre
  9538 | D:10     | Killed a two-headed ogre
  9573 | D:10     | Reached skill level 1 in Evocations
  9630 | D:10     | Reached skill level 5 in Dodging
  9700 | D:10     | Noticed a two-headed ogre
  9706 | D:10     | Killed a two-headed ogre
  9743 | D:10     | Noticed a deep elf pyromancer
  9753 | D:10     | Killed a deep elf pyromancer
  9893 | D:10     | Killed a cyclops
  9970 | D:10     | Reached skill level 12 in Maces & Flails
 10038 | D:10     | Noticed a two-headed ogre
 10045 | D:10     | Killed a two-headed ogre
 10046 | D:10     | Reached XP level 12. HP: 71/75 MP: 9/12
 10087 | D:10     | Noticed a two-headed ogre
 10096 | D:10     | Killed a two-headed ogre
 10097 | D:10     | Reached skill level 1 in Invocations
 10305 | D:10     | Found a staircase to the Orcish Mines.
 10799 | D:11     | Noticed a boulder beetle
 10808 | D:11     | Found a staircase to the Lair.
 10808 | D:11     | Noticed a centaur warrior
 10823 | D:11     | Killed a centaur warrior
 10975 | D:11     | Killed a boulder beetle
 11097 | D:11     | Noticed a four-headed hydra
 11107 | D:11     | Killed a four-headed hydra
 11108 | D:11     | Reached skill level 13 in Maces & Flails
 11119 | D:11     | Identified the +7 whip of Kealem {freeze, rPois rC+ SInv}
 11127 | D:11     | Gained mutation: You sometimes lose the ability to read
                  | scrolls when taking damage. [mutagenic glow]
 11225 | D:11     | Noticed a two-headed ogre
 11241 | D:11     | Killed a two-headed ogre
 11563 | D:11     | Found a sparkling altar of Nemelex Xobeh.
 11616 | Orc:1    | Entered Level 1 of the Orcish Mines
 11616 | Orc:1    | Noticed an orc high priest
 11766 | D:10     | Reached skill level 10 in Armour
 11788 | D:10     | Killed an orc high priest
 12229 | Orc:1    | Reached skill level 5 in Invocations
 12229 | Orc:1    | Reached XP level 13. HP: 80/80 MP: 16/16
 12335 | Orc:2    | Entered Level 2 of the Orcish Mines
 12335 | Orc:2    | Found a staircase to the Elven Halls.
 12336 | Orc:2    | Noticed Azrael
 12342 | Orc:2    | Noticed an orc warlord
 12870 | Orc:1    | Found Zabrioti's Weapon Shoppe.
 13110 | Orc:1    | HP: 1/81 [Azrael/bolt of fire (21)]
 13115 | Orc:1    | Killed from afar by Azrael

Illustrated notes

Levels and vault maps discovered:
D:1:      erik_arrival_triangle_small, layout_basic,
          corexii_item_surrounded_by_moat, chequers_avenue,
          serial_bayou_crossing
D:2:      layout_basic
D:3:      layout_loops_ring, gup_sewer_entry_glass, uniq_crazy_yiuf_cottage
D:4:      mumra_celtic_spiral_tile, layout_loops_corners, abandoned_shop,
          minivault_24, serial_bayou_ford_a
D:5:      layout_basic, minmay_temple_entry_overgrown, gammafunk_ghost_split
D:6:      layout_layer_cave, jmf_multi_god_temple2,
          chequers_serial_rivers_large_b, uniq_duvessa
D:7:      layout_gridville, serial_bayou, serial_bayou_shore_a,
          serial_bayou_lagoon_a, serial_bayou_lake_a, serial_bayou_pond_e,
          serial_bayou_shore_b
D:8:      layout_basic, serial_shops, kennysheep_mini, hangedman_decor_push,
          corexii_leaking_fountain, uniq_erica
D:9:      layout_loops_ring, old_standard_altar,
          nicolae_gozag_zags_fifth_avenue, minmay_misc_feat_tower
D:10:     lemuel_castle_with_subvaults [lemuel_castle_interior_original],
          layout_irregular_city, kennysheep_orc_monster_closet_entryway
D:11:     layout_loops_ring, david_lair_shrubbed, nemelex_diamond_rough_becter
Temple:   mainiacjoe_temple_coin_purse
Orc:1:    layout_caves, serial_shops, nicolae_shop_bloodbath_and_beyond,
          rock_pile
Orc:2:    grunt_orc_community_town_hall, layout_caves,
          grunt_orc_community_big_house_2, grunt_orc_community_big_house_2,
          grunt_orc_community_house_3, grunt_orc_community_house_3,
          grunt_orc_community_house_2, grunt_orc_community_house_1,
          grunt_orc_community_house_1, grunt_orc_community_house_2, uniq_azrael

Skill      XL: |  1  2  3  4  5  6  7  8  9 10 11 12 |
---------------+-------------------------------------+-----
Maces & Flails | 3 4 6 7 9 10 12 13 | 13.5
Fighting       | 4 5 6 7 8 9 |  9.7
Armour         | 4 5 6 7 8 9 10 | 10.3
Dodging        | 1 2 4 5 |  5.9
Shields        | 4 5 6 7 8 |  8.9
Stealth        | 1 2 4 |  4.7
Evocations     | 1 |  1.6
Invocations    | 5 |  5.4
Throwing       | |  0.1

Action                   |  1- 3 |  4- 6 |  7- 9 | 10-12 | 13-15 || total
-------------------------+-------+-------+-------+-------+-------++-------
Melee: Flail             |   137 |   220 |       |       |       ||   357
       Mace              |       |    15 |   227 |   427 |       ||   669
       Whip              |       |       |       |   102 |   103 ||   205
Throw: Dart              |       |       |     1 |       |       ||     1
Invok: Recall Undead Har |       |       |       |     2 |       ||     2
Evoke: Wand              |       |       |     1 |    11 |     5 ||    17
  Use: Scroll            |       |    10 |     8 |    11 |     2 ||    31
       Potion            |       |     1 |     2 |     5 |     4 ||    12
 Stab: Paralysed         |       |       |       |    12 |       ||    12
       Distracted        |       |       |       |     1 |       ||     1
Armor: Scale mail        |    69 |   192 |   115 |   164 |       ||   540
       Plate armour      |       |       |       |    50 |    95 ||   145
Dodge: Dodged            |    51 |   187 |   118 |   279 |    47 ||   682
Block: Buckler           |    28 |    73 |    58 |   100 |       ||   259
       Kite shield       |       |       |       |    87 |    42 ||   129
